Unix NetHack Version 5.0.0-0 post-release - last build Jul 14 2026 02:55:29 (1809b74e8187c3a3585e283601c3028b46cbbdcb,branch:main).

Game began 2026-07-18 17:19:53, ended 2026-07-18 18:18:11.

A4Paper, chaotic female elven Wizard

         ----------
         |........|
         |.@......|
         |.Z...$..|
         -.--------
          #
        ###
        #
        #
      ###
   ---.-------      #
   |..........####*###-----------
   |.........|      ##-.........|
   |.........+     ###|.....%....
   |.........|        |<........|
   -----------        -----------

A4Paper the Conjurer      St:8 Dx:16 Co:12 In:20 Wi:9 Ch:12  Chaotic S:486
Dlvl:3  $:10 HP:0(22) Pw:31(42) AC:8  Xp:3/77 T:842 

Latest messages:
 You see here a newt corpse.
 There is a newt corpse here; eat it? [ynq] (n)
 This newt corpse is tough.
 You finish eating the newt corpse.
 What do you want to put on? [de or ?*]
 Which ring-finger, Right or Left? [rl]
 e - an uncursed ring of slow digestion (on right hand).
 Having fun sitting on the floor?
 You see here a statue of a lichen.
 You find a hidden door.
 The door opens.
 You find a hidden passage.
 You see here a statue of a lichen.
 You swap places with Bluey.
 You descend the stairs.
 You swap places with Bluey.
 In what direction?
 The spell hits the green mold!
 You kill the green mold!
 The door opens.
 In what direction?
 The boulder falls apart.
 You see here 10 rocks.
 You see here 3 gold pieces.
 $ - 3 gold pieces (10 in total).
 This door is locked.
 This door is locked.
 This door is locked.
 This door is locked.
 This door is locked.
 This door is locked.
 This door is locked.
 In what direction?
 As you kick the door, it crashes open!
 You see here a large box.
 The dwarf zombie hits!
 You hit the dwarf zombie.
 The dwarf zombie hits!
 You miss the dwarf zombie.
 The dwarf zombie hits!
 You hit the dwarf zombie.
 You miss the dwarf zombie.
 The dwarf zombie hits!
 You hit the dwarf zombie.
 The dwarf zombie hits!
 In what direction?
 The spell hits the dwarf zombie.
 The dwarf zombie hits!
 You die...
 Do you want your possessions identified? [ynq] (y)

Inventory:
 Coins    ('$')
  $ - 10 gold pieces
 Weapons  (')')
  r - a +0 dagger (weapon in right hand)
 Armor    ('[')
  b - an uncursed +1 cloak of magic resistance (being worn)
 Comestibles  ('%')
  h - an uncursed food ration
  p - an uncursed egg
 Scrolls  ('?')
  k - an uncursed scroll of destroy armor
  t - a blessed scroll of teleportation
 Spellbooks  ('+')
  m - an uncursed spellbook of detect food
  l - a blessed spellbook of force bolt
 Potions  ('!')
  q - a blessed potion of healing
  g - an uncursed potion of healing
  u - an uncursed potion of paralysis
  f - an uncursed potion of see invisible
 Rings    ('=')
  d - an uncursed +1 ring of gain strength
  e - an uncursed ring of slow digestion (on right hand)
 Wands    ('/')
  s - a wand of polymorph (0:6)
  c - a wand of polymorph (0:3)
 Tools    ('(')
  o - an uncursed bell
  n - a magic marker (0:21)

A4Paper the Wizard's attributes:

Background:
 You were a Conjurer, a level 3 female elven Wizard.
 You were chaotic, on a mission for Anhur
 who was opposed by Ptah (lawful) and Thoth (neutral).
 You were right-handed.
 You were in the Dungeons of Doom, on level 3.
 You entered the dungeon 842 turns ago.
 You had 77 experience points, 3 more were needed to attain level 4.
 Your score was 486 before end-of-game adjustments.

Basics:
 You had 0 out of 22 hit points.
 You had 31 out of 42 energy points (spell power).
 Your armor class was 8.
 Your wallet contained 10 zorkmids.
 Autopickup was off.

Final Characteristics:
 Your strength was 8 (limit:18).
 Your dexterity was 16 (limit:18).
 Your constitution was 12 (limit:16).
 Your intelligence was 20 (limit:20).
 Your wisdom was 9 (limit:20).
 Your charisma was 12 (limit:18).

Final Status:
 You weren't hungry.
 You were unencumbered.
 You were wielding a dagger.
 You were unskilled in dagger.

Final Attributes:
 You were devoutly aligned.
 You were magic-protected.
 You saw invisible.
 You had infravision.
 You had slower digestion.
 You were warded.
 You are dead.

Miscellaneous:
 You didn't encounter any bones levels.
 Total elapsed playing time was 5 minutes and 26 seconds.

Major events:
 Turn
    1: A4Paper the chaotic female elven Wizard entered the dungeon
  235: attained the rank of Conjurer (level 3)
  842: killed by a dwarf zombie

Spells:
 Name                 Level Category     Fail Retention
 force bolt             1   attack         0%  91%-100%
 detect food            2   divination    39%  76%-100%

Skills:
 Fighting Skills
   bare handed combat [Unskilled]
   riding             [Unskilled]
 Weapon Skills
   dagger             [Unskilled]
   knife              [Unskilled]
   axe                [Unskilled]
   short sword        [Unskilled]
   club               [Unskilled]
   mace               [Unskilled]
   quarterstaff       [Basic]
   polearms           [Unskilled]
   spear              [Unskilled]
   trident            [Unskilled]
   sling              [Unskilled]
   dart               [Unskilled]
   shuriken           [Unskilled]
 Spellcasting Skills
   attack spells      [Basic]
   healing spells     [Unskilled]
   divination spells  [Unskilled]
   enchantment spells [Basic]
   clerical spells    [Unskilled]
   escape spells      [Unskilled]
   matter spells      [Unskilled]

Voluntary challenges:
 Character rerolling was not enabled.
 You were an atheist.
 You never genocided any monsters.
 You never polymorphed an object.
 You never changed form.
 You used no wishes.
Achievement:
 You attained the rank of Conjurer.

 The Dungeons of Doom: levels 1 to 3
    Level 1:
    Level 2:
    Level 3: <- You were here.
       Final resting place for
          you, killed by a dwarf zombie.


Vanquished creatures:
  a glass piercer
  a water nymph
  2 coyotes
  a hobbit
  a green mold
  a red mold
  3 lichens
  5 newts
15 creatures vanquished.

No species were genocided or became extinct.

Game over:
                       ----------
                      /          \
                     /    REST    \
                    /      IN      \
                   /     PEACE      \
                  /                  \
                  |     A4Paper      |
                  |      10 Au       |
                  |   killed by a    |
                  |   dwarf zombie   |
                  |                  |
                  |                  |
                  |       2026       |
                 *|     *  *  *      | *
        _________)/\\_//(\/(/\)/\//\/|_)_______

Goodbye A4Paper the Wizard...

You died in The Dungeons of Doom on dungeon level 3 with 485 points,
and 10 pieces of gold, after 842 moves.
You were level 3 with a maximum of 22 hit points when you died.

